 Dungeon Crawl Stone Soup version 0.31.0-9-g3a7656b989 (console) character file.

Game seed: 9974429014677802001

12593 mulx the Cleaver (level 11, -6/101 HPs)
             Began as a Minotaur Fighter on Jan 31, 2024.
             Was a Believer of Ru.
             Mangled by a nine-headed hydra (11 damage)
             ... on level 13 of the Dungeon.
             The game lasted 01:03:42 (12800 turns).

mulx the Cleaver (Minotaur Fighter)                Turns: 12800, Time: 01:03:43

Health: -6/101     AC: 11    Str: 23    XL:     11   Next: 64%
Magic:  13/13      EV: 13    Int:  7    God:    Ru [**....]
Gold:   400        SH:  8    Dex: 10    Spells: 10/15 levels left

rFire   . . .        a - +2 war axe (venom)
rCold   . . .        r - +3 buckler
rNeg    . . .        K - +2 troll leather armour
rPois   +            (helmet restricted)
rElec   .            D - +0 cloak
rCorr   .            (no gloves)
SInv    .            N - +0 pair of boots
Will    .....        g - amulet of magic regeneration Stlth
                     t - ring of poison resistance
HPRegen 1.16/turn    B - +4 ring of protection
MPRegen 0.53/turn

%: no passive effects
@: mighty, hasted, very quick
A: horns 2, no stealth, inability to train armour, retaliatory headbutt, no
forms
a: Renounce Religion


You were on level 13 of the Dungeon.
You worshipped Ru.
Ru was pleased with you.
You visited 3 branches of the dungeon, and saw 15 of its levels.

You collected 643 gold pieces.
You spent 243 gold pieces at shops.

Inventory:

Hand Weapons
 a - a +2 war axe of venom (weapon)
 v - a +6 heavy battleaxe
Missiles
 y - 30 poisoned darts (quivered)
 M - 3 atropa-tipped darts
Armour
 r - a +3 buckler (worn)
 D - a +0 cloak (worn)
 K - a +2 troll leather armour (worn)
 N - a +0 pair of boots (worn)
Magical Staves
 f - a staff of alchemy
Jewellery
 g - an amulet of magic regeneration (around neck)
 t - a ring of poison resistance (left hand)
 B - a +4 ring of protection (right hand)
Wands
 x - a wand of roots (17)
 z - a wand of acid (7)
 C - a wand of flame (10)
 E - a wand of polymorph (9)
Scrolls
 b - a scroll of blinking {unknown}
 c - a scroll of amnesia {unknown}
 h - 2 scrolls of immolation
 k - 4 scrolls of vulnerability
 l - 3 scrolls of fog
 m - 5 scrolls of noise
 n - 3 scrolls of torment
 q - a scroll of revelation {unknown}
 u - 3 scrolls of teleportation
 L - a scroll of enchant weapon {unknown}
Potions
 e - a potion of magic
 i - 4 potions of enlightenment
 p - 2 potions of curing
 s - 2 potions of mutation {unknown}
 w - 2 potions of ambrosia {unknown}
 A - 3 potions of resistance
 F - 2 potions of attraction {unknown}
 G - 5 potions of haste
 H - a potion of invisibility {unknown}


   Skills:
 + Level 10.3 Fighting
 + Level 14.7 Axes
 * Level 5.5 Dodging
 - Level 6.5 Shields
 + Level 2.5 Spellcasting
 - Level 0.2 Translocations
 + Level 4.4 Air Magic
 + Level 4.4 Alchemy


You had 10 spell levels left.
You knew the following spells:

 Your Spells              Type           Power      Damage    Failure   Level
a - Mercury Vapours       Alch/Air       14%        N/A       12%         2
b - Mephitic Cloud        Conj/Alch/Air  5%         N/A       41%         3

Your spell library contained the following spells:

 Spells                   Type           Power      Damage    Failure   Level
 Dazzling Flash           Conj/Hex       0%         N/A       83%         3
 Silence                  Hex/Air        1%         N/A       99%         5
 Curse of Agony           Necr           0%         N/A       100%        5
 Freezing Cloud           Conj/Ice/Air   1%         6-21      100%        5


Dungeon Overview and Level Annotations

Branches:
Dungeon (13/15)            Temple (1/1) D:4             Orc (1/2) D:9
   Lair: D:8-11      Vaults: D:13-14

Altars:
Ashenzari
Cheibriados
Dithmenos
Elyvilon
Fedhas
Gozag
Hepliaklqana
Kikubaaqudgha
Makhleb
Nemelex Xobeh
Okawaru
Qazlal
Ru
Sif Muna
Trog
Uskayaw
Vehumet
Wu Jian
Xom
Yredelemnul
The Shining One

Shops:
D:1 ?   D:3 *[   D:8 (   D:13 ?   Orc:1 *

Annotations:
Temple 2 transporters


Innate Abilities, Weirdness & Mutations

You have a pair of horns on your head.
You cannot be stealthy.
You cannot train Armour skill.
You reflexively headbutt those who attack you in melee.
You cannot voluntarily change form.


Message History

You slice one of the seven-headed hydra's heads off!
The six-headed hydra grows two more!
You slash the eight-headed hydra!
The eight-headed hydra is moderately wounded.
The eight-headed hydra bites you!
* * * LOW HITPOINT WARNING * * *
The eight-headed hydra barely misses you.
The eight-headed hydra closely misses you.
The eight-headed hydra bites you but does no damage.
The eight-headed hydra misses you.
The eight-headed hydra barely misses you.
The eight-headed hydra closely misses you.
The eight-headed hydra bites you but does no damage.
You chop one of the eight-headed hydra's heads off!
The seven-headed hydra grows two more!
You slash the nine-headed hydra! You headbutt the nine-headed hydra!
The nine-headed hydra is heavily wounded.
The nine-headed hydra bites you but does no damage. x2
The nine-headed hydra bites you!
* * * LOW HITPOINT WARNING * * *
The nine-headed hydra bites you!
* * * LOW HITPOINT WARNING * * *
The nine-headed hydra closely misses you.
The nine-headed hydra bites you but does no damage.
The nine-headed hydra barely misses you.
The nine-headed hydra bites you but does no damage.
You block the nine-headed hydra's attack.
Okay, then.
You feel better. The nine-headed hydra misses you.
You block the nine-headed hydra's attack. x2
The nine-headed hydra bites you but does no damage.
The nine-headed hydra bites you.
* * * LOW HITPOINT WARNING * * *
The nine-headed hydra bites you!
* * * LOW HITPOINT WARNING * * *
The nine-headed hydra bites you.
* * * LOW HITPOINT WARNING * * *
The nine-headed hydra bites you.
* * * LOW HITPOINT WARNING * * *
The nine-headed hydra bites you but does no damage.
You feel yourself speed up. The nine-headed hydra bites you!
You die...

.........~
##.........
##..........
#.#...........~.~.
...#..<...........
...................
#......#..........#
.#..#..^.........##
...................
.##................
#.....@D.<.....#
#....##.........#
... #........... .
#.........#.
.....#.#.....
#....#........
..#....#.#...#.
...##.. .##.##


You could see a nine-headed hydra.

Vanquished Creatures
  A catoblepas (D:12)
  2 two-headed ogres (D:12)
  A deep elf pyromancer (D:12)
  2 manticores (D:11)
  A gargoyle (D:12)
  A rime drake (D:8)
  An unseen horror (D:12)
  A kobold demonologist (D:10)
  4 trolls
  A vampire (D:12)
  12 yaks
  2 wraiths
  2 humans (D:8)
  2 shadows (D:11)
  A golden eye (D:8)
  2 wyverns
  6 vampire mosquitoes
  2 water moccasins
  2 ice beasts
  A sky beast (D:7)
  A black bear (D:5)
  4 ogres
  2 centaurs
  A kobold brigand (D:8)
  3 bullfrogs
  4 scorpions
  17 wights
  9 killer bees
  A howler monkey (D:10)
  2 bombardier beetles
  An orc priest (D:6)
  2 hounds
  Natasha (thrice) (D:2)
  6 iguanas
  12 orc wizards
  Terence (D:2)
  Robin (D:2)
  4 gnolls (D:5)
  8 adders
  2 shadow imps
  A white imp (D:7)
  3 ribbon worms
  2 dart slugs (D:1)
  30 orcs
  12 ball pythons
  6 bats
  3 endoplasms
  7 giant cockroaches
  13 goblins
  7 hobgoblins
  7 jackals
  6 quokkas
  A frilled lizard (D:2)
  14 kobolds
  26 rats
269 creatures vanquished.

Vanquished Creatures (others)
  A centaur (D:13)
1 creature vanquished.

Grand Total: 270 creatures vanquished

Notes
Turn   | Place    | Note
-------+----------+-------------------------------------------
     0 | D:1      | mulx the Minotaur Fighter began the quest for the Orb.
     0 | D:1      | Reached XP level 1. HP: 19/19 MP: 0/0
    85 | D:1      | Reached XP level 2. HP: 23/27 MP: 1/1
   200 | D:1      | Reached skill level 3 in Axes
   314 | D:1      | Reached XP level 3. HP: 29/33 MP: 2/2
   334 | D:1      | Found Bouhuohe's Magic Scroll Emporium.
   358 | D:1      | Bought a scroll of identify for 24 gold pieces
   358 | D:1      | Bought a scroll of identify for 24 gold pieces
   527 | D:1      | Found a faded altar of an unknown god.
   938 | D:1      | Prayed at the altar of an unknown god.
   938 | D:1      | Became a worshipper of Vehumet
   938 | D:1      | Reached * piety under Vehumet
   938 | D:1      | Offered knowledge of Freeze by Vehumet.
  1027 | D:2      | Reached skill level 1 in Dodging
  1162 | D:2      | Noticed Natasha
  1168 | D:2      | Killed Natasha
  1169 | D:2      | Reached skill level 4 in Axes
  1169 | D:2      | Reached XP level 4. HP: 36/40 MP: 3/3
  1206 | D:2      | Found a hazy altar of Hepliaklqana.
  1233 | D:2      | Noticed Robin
  1274 | D:2      | Killed Robin
  1375 | D:2      | Noticed Natasha
  1384 | D:2      | Killed Natasha
  1409 | D:2      | Noticed Terence
  1427 | D:2      | Killed Terence
  1428 | D:2      | Reached XP level 5. HP: 40/46 MP: 4/4
  1599 | D:2      | Identified the +2 robe of the World {rCorr Int-5 Dex+7}
  1618 | D:2      | Noticed Natasha
  1625 | D:2      | Killed Natasha
  1626 | D:2      | Reached skill level 5 in Axes
  1891 | D:3      | Found Geusch's Weapon Shop.
  1941 | D:3      | Offered knowledge of Kiss of Death by Vehumet.
  1947 | D:3      | Learned a level 2 spell: Mercury Vapours
  1964 | D:3      | Reached ** piety under Vehumet
  1988 | D:3      | Found Bamusm's Assorted Antiques.
  2147 | D:3      | Found Appuz's Antique Armour Shoppe.
  2418 | D:4      | Noticed an ogre
  2430 | D:4      | Killed an ogre
  2431 | D:4      | Reached skill level 6 in Axes
  2431 | D:4      | Reached XP level 6. HP: 33/52 MP: 5/5
  2657 | D:4      | Reached skill level 5 in Shields
  2895 | D:4      | Found a staircase to the Ecumenical Temple.
  2908 | D:4      | Reached XP level 7. HP: 58/59 MP: 6/6
  3006 | D:4      | Found a snail-covered altar of Cheibriados.
  3100 | D:4      | Offered knowledge of Frozen Ramparts by Vehumet.
  3109 | D:4      | Reached *** piety under Vehumet
  3307 | Temple   | Found a transporter.
  3307 | Temple   | Found a transporter.
  3307 | Temple   | Found a transporter.
  3307 | Temple   | Found a transporter.
  3307 | Temple   | Entered the Ecumenical Temple
  3533 | Temple   | Learned a level 3 spell: Mephitic Cloud
  3539 | Temple   | Fell from the grace of Vehumet
  3539 | Temple   | Became a worshipper of Ru the Awakened
  3575 | D:5      | Entered Level 5 of the Dungeon
  3627 | D:5      | Reached skill level 7 in Axes
  3979 | D:5      | Reached skill level 1 in Air Magic
  4309 | D:5      | Found a hide-covered altar of Uskayaw.
  4313 | D:5      | Found an ancient bone altar of Kikubaaqudgha.
  4317 | D:5      | Found a broken altar of Ashenzari.
  4799 | D:5      | Reached skill level 8 in Axes
  5124 | D:5      | Found a shimmering altar of Xom.
  5161 | D:5      | Reached skill level 5 in Fighting
  5408 | D:3      | Bought an embroidered robe for 96 gold pieces
  5439 | D:3      | Bought a cloak for 99 gold pieces
  5490 | D:6      | Reached XP level 8. HP: 68/68 MP: 7/7
  5569 | D:6      | Reached skill level 1 in Alchemy
  5584 | D:6      | Found a bloodstained altar of Trog.
  5590 | D:6      | Gained mutation: You cannot be stealthy. [Ru sacrifice]
  5813 | D:6      | Identified 2 scrolls of acquirement
  5815 | D:6      | Acquired a +6 heavy battleaxe
  5816 | D:6      | Acquired the +1 chain mail of Follow the Leader {rN+ Dex+2}
  5989 | D:6      | Reached skill level 9 in Axes
  6548 | D:7      | Found a stormy altar of Qazlal.
  6740 | D:7      | Found a shadowy altar of Dithmenos.
  6756 | D:7      | Found a burning altar of Makhleb.
  6777 | D:7      | Was forgiven by Vehumet
  6996 | D:7      | Reached skill level 10 in Axes
  6996 | D:7      | Reached XP level 9. HP: 70/78 MP: 8/8
  7199 | D:8      | Found Haf Imot's Weapon Emporium.
  7772 | D:8      | a hornet changed into a rime drake
  7772 | D:8      | Noticed a rime drake
  7777 | D:8      | Killed a rime drake
  7778 | D:8      | Reached skill level 11 in Axes
  8164 | D:8      | Gained mutation: You cannot voluntarily change form. [Ru
                  | sacrifice]
  8164 | D:8      | Reached * piety under Ru
  8472 | D:8      | Found an iron altar of Okawaru.
  8762 | D:8      | Reached skill level 1 in Spellcasting
  8806 | D:9      | Reached skill level 12 in Axes
  8884 | D:9      | Found a staircase to the Orcish Mines.
  8892 | D:9      | Reached XP level 10. HP: 88/88 MP: 10/10
  9013 | D:9      | Identified the +0 robe of Noughts and Crosses {Str+6
                  | Stlth+}
  9626 | Orc:1    | Entered Level 1 of the Orcish Mines
  9626 | Orc:1    | Found Unippaim's Assorted Antiques.
  9640 | D:10     | Entered Level 10 of the Dungeon
  9943 | D:10     | Noticed an orange demon
  9979 | D:11     | Noticed a manticore
  9993 | D:11     | Killed a manticore
  9994 | D:11     | Reached skill level 13 in Axes
 10341 | D:11     | Reached skill level 14 in Axes
 10473 | D:11     | Reached XP level 11. HP: 90/97 MP: 13/13
 10696 | D:11     | Gained mutation: You cannot train Armour skill. [Ru
                  | sacrifice]
 10696 | D:11     | Reached ** piety under Ru
 11337 | D:12     | Noticed a catoblepas
 11349 | D:12     | Killed a catoblepas
 11350 | D:12     | Reached skill level 10 in Fighting
 11545 | D:12     | Noticed a two-headed ogre
 11566 | D:12     | Killed a two-headed ogre
 11880 | D:12     | Noticed a two-headed ogre
 11894 | D:12     | Killed a two-headed ogre
 11895 | D:12     | Reached skill level 5 in Dodging
 12257 | D:12     | Noticed a deep elf pyromancer
 12265 | D:12     | Killed a deep elf pyromancer
 12596 | D:13     | Noticed a six-headed hydra
 12652 | D:13     | Found Qabriag's Magic Scroll Boutique.
 12663 | D:13     | Noticed a centaur warrior
 12664 | D:13     | Noticed a centaur warrior
 12668 | D:13     | Noticed a centaur warrior
 12799 | D:13     | HP: 4/101 [nine-headed hydra (2)]
 12800 | D:13     | Mangled by a nine-headed hydra

Illustrated notes

Levels and vault maps discovered:
D:1:      onia_arrival_handbag, layout_loops_ring, serial_shops, shop,
          chequers_ecumenical_altar_island, minmay_indecisive_spiral
D:2:      layout_basic, basic_altar, uniq_natasha, uniq_robin, uniq_terence
D:3:      layout_rooms, serial_shops, shop, shop, shop_fountains,
          nicolae_kite_square_tiling_tiny, hangedman_decor_lopped
D:4:      layout_cave_pools, cheibrodos_worm_habitat,
          minmay_temple_entry_slanted, minmay_rat_hole
D:5:      layout_layer_cave, regret_index_xom_buried_treasure,
          grunt_temple_overflow_diamond, amcnicky_mini_pool_small
D:6:      layout_loops_cross, mainiacjoe_overflow_catwalk, nicolae_tricolors
D:7:      layout_loops_ring, marbit_many_paths, jmf_multi_god_temple2
D:8:      layout_rooms, okawaru_humans, serial_shops, nicolae_diamond_shop
D:9:      layout_rooms, orc_0_dummy, minivault_23, moated_statue
D:10:     layout_rooms, zin_angel, dpeg_oklobed_lair
D:11:     layout_irregular_city
D:12:     layout_irregular_city
D:13:     layout_cross, david_vaults_1, serial_shops, shop_scrolls,
          kiku_gazebo_pond_becter
Temple:   hellmonk_temple_divided_pantheon
Orc:1:    layout_caves, basic_altar, serial_shops, nicolae_shop_hallway_stairs,
          shop_statue, nicolae_shop_overgrown_old_shop, nicolae_shop_drivethru,
          uniq_urug

Skill      XL: |  1  2  3  4  5  6  7  8  9 10 11 |
---------------+----------------------------------+-----
Axes           | 3 4 6 8 10 12 14 | 14.7
Shields        | 4 5 6 |  6.5
Fighting       | 4 5 6 8 9 10 | 10.3
Armour         | 4 0 |  0.0
Dodging        | 1 2 3 4 5 |  5.5
Air Magic      | 1 2 3 4 |  4.4
Alchemy        | 2 3 4 |  4.4
Spellcasting   | 1 2 |  2.5
Translocations | |  0.2

Action                     |  1- 3 |  4- 6 |  7- 9 | 10-12 || total
---------------------------+-------+-------+-------+-------++-------
  Melee: War axe           |    53 |       |       |    70 ||   123
         Headbutt          |    11 |    23 |    51 |    51 ||   136
         Whip              |    28 |    53 |       |       ||    81
         Hand axe          |       |    93 |   332 |   220 ||   645
   Cast: Mercury Vapours   |       |       |       |    35 ||    35
 Invoke: Sacrifice Stealth |       |       |     1 |       ||     1
         Sacrifice Forms   |       |       |     1 |       ||     1
         Sacrifice Durabil |       |       |       |     1 ||     1
  Evoke: Wand              |       |       |     3 |     1 ||     4
    Use: Scroll            |     2 |     7 |     6 |     7 ||    22
         Potion            |       |       |     1 |     6 ||     7
 Armour: Scale mail        |    61 |       |       |       ||    61
         Plate armour      |     8 |    94 |    59 |       ||   161
         Robe              |       |       |    59 |   134 ||   193
         Chain mail        |       |       |    65 |    41 ||   106
         Troll leather arm |       |       |       |    52 ||    52
  Dodge: Dodged            |    37 |    33 |    75 |   140 ||   285
  Block: Buckler           |    20 |    32 |    53 |    89 ||   194
